 Dungeon Crawl Stone Soup version 0.29-a0-1043-g569b05d6ff (webtiles) character file.

Game seed: 17208311415724452065

93813 greenreed the Bludgeoner (level 15, -1/141 HPs)
             Began as a Minotaur Monk on Aug 15, 2022.
             Was the Champion of Makhleb.
             Slain by an emperor scorpion (10 damage)
             ... on level 3 of the Lair of Beasts.
             The game lasted 01:12:43 (19621 turns).

greenreed the Bludgeoner (Minotaur Monk)           Turns: 19621, Time: 01:12:43

Health: -1/141     AC: 12    Str: 26    XL:     15   Next: 61%
Magic:  24/24      EV: 13    Int:  6    God:    Makhleb [******]
Gold:   2438       SH: 15    Dex: 13    Spells: 14/14 levels left

rFire   + . .      SeeInvis +   l - +5 demon whip (venom)
rCold   + . .      Faith    .   L - +0 tower shield
rNeg    . . .      Spirit   .   o - +4 ring mail of Watchfulness {rPois}
rPois   +          Reflect  .   (helmet restricted)
rElec   .          Harm     .   Q - scarf {rC+ rF+}
rCorr   .          Rampage  .   m - +0 pair of gloves
Will    +....                   (no boots)
Stlth   ++........              i - amulet of regeneration
HPRegen 1.13/turn               F - ring of see invisible
MPRegen 0.19/turn               (no ring)

@: about to teleport
A: horns 2, retaliatory headbutt, strong 1, MP-powered wands
a: Renounce Religion, Minor Destruction, Lesser Servant of Makhleb, Major
Destruction, Greater Servant of Makhleb


You were on level 3 of the Lair of Beasts.
You worshipped Makhleb.
Makhleb was exalted by your worship.
You visited 5 branches of the dungeon, and saw 22 of its levels.
You also visited: Volcano.

You collected 3076 gold pieces.
You spent 638 gold pieces at shops.

Inventory:

Hand Weapons
 l - a +5 demon whip of venom (weapon)
 U - a +2 eveningstar of flaming
Missiles
 r - 11 curare-tipped darts
 A - 46 poisoned darts
 E - 6 silver javelins
Armour
 m - a +0 pair of gloves (worn)
 o - the +4 ring mail of Watchfulness (worn) {rPois}
   (You found it on level 2 of the Dungeon)

   rPois:     It protects you from poison.
 H - a +2 chain mail of fire resistance
 L - a +0 tower shield (worn)
 Q - a scarf of resistance (worn)
Jewellery
 i - an amulet of regeneration (around neck)
 C - a ring of wizardry
 F - a ring of see invisible (left hand)
 I - a ring of protection from cold
 O - a ring of protection from cold
Wands
 b - a wand of iceblast (9)
 g - a wand of quicksilver (6)
 s - a wand of digging (8)
 v - a wand of flame (73)
 K - a wand of paralysis (21)
 P - a wand of mindburst (6)
 V - a wand of polymorph (5)
Scrolls
 a - 2 scrolls of identify
 d - 4 scrolls of amnesia
 h - 10 scrolls of teleportation
 x - 6 scrolls of poison
 z - 2 scrolls of immolation
 G - 4 scrolls of fear
 M - 3 scrolls of vulnerability
 N - a scroll of torment
 R - a scroll of enchant armour
 S - 4 scrolls of blinking
 Z - a scroll of silence
Potions
 c - 3 potions of ambrosia
 e - 4 potions of curing
 f - 5 potions of invisibility
 j - 6 potions of lignification
 k - 3 potions of mutation
 n - 3 potions of might
 p - 5 potions of flight
 q - 2 potions of heal wounds
 u - 2 potions of magic
 w - 3 potions of attraction
 y - 2 potions of berserk rage
 B - a potion of cancellation
 J - 2 potions of haste
 Y - a potion of brilliance
Miscellaneous
 t - a phantom mirror
 T - a phial of floods
 W - a piece from Xom's chessboard (15/15)
 X - a lightning rod (4/4)


   Skills:
 + Level 15.1 Fighting
 - Level 15.7(15.8) Maces & Flails
 + Level 2.5(10.6) Staves
 + Level 10.9 Armour
 + Level 11.5 Dodging
 + Level 4.5 Stealth
 + Level 8.3 Shields
 * Level 14.1 Invocations
 + Level 6.1 Evocations


You had 14 spell levels left.
You didn't know any spells.
Your spell library contained the following spells:

 Spells                   Type           Power      Damage    Failure   Level
 Apportation              Tloc           0%         N/A       99%         1
 Necrotise                Necr           0%         1d4       99%         1
 Shock                    Conj/Air       0%         1d3       99%         1
 Summon Small Mammal      Summ           0%         N/A       99%         1
 Sublimation of Blood     Necr           0%         N/A       100%        2
 Dazzling Flash           Conj/Hex       0%         N/A       100%        3
 Swiftness                Air            0%         N/A       100%        3
 Airstrike                Air            0%         2d(0-16)  100%        4
 Iskenderun's Mystic Bla  Conj/Tloc      0%         2d3       100%        4
 Petrify                  Tmut/Erth      0%         N/A       100%        4
 Summon Ice Beast         Ice/Summ       0%         N/A       100%        4
 Irradiate                Conj/Tmut      0%         3d11      100%        5
 Iskenderun's Battlesphe  Conj           0%         2d6       100%        5
 Summon Mana Viper        Hex/Summ       0%         N/A       100%        5
 Iron Shot                Conj/Erth      0%         9d1       100%        6
 Starburst                Conj/Fire      0%         6d3       100%        6
 Monstrous Menagerie      Summ           0%         N/A       100%        7
 Spellforged Servitor     Conj/Summ      0%         N/A       100%        7


Dungeon Overview and Level Annotations

Branches:
Dungeon (13/15)            Temple (1/1) D:4            Lair (5/5) D:11
  Swamp (0/4) Lair:3       Spider (1/4) Lair:3        Slime (0/5) Lair:5
    Orc (2/2) D:11            Elf (0/3) Orc:2        Vaults (0/5) D:13
Volcano (visited)

Altars:
Ashenzari
Cheibriados
Dithmenos
Elyvilon
Fedhas
Gozag
Hepliaklqana
Kikubaaqudgha
Makhleb
Nemelex Xobeh
Okawaru
Qazlal
Ru
Sif Muna
Trog
Uskayaw
Vehumet
Wu Jian
Xom
Yredelemnul
Zin
The Shining One

Shops:
D:5 ?   Orc:2 *?=(

Portals:
Trove: D:12 (give 18 potions of curing)

Annotations:
Spider:1 Aizul


Innate Abilities, Weirdness & Mutations

You have a pair of horns on your head.
You reflexively headbutt those who attack you in melee.
Your muscles are strong. (Str +4, Int/Dex -1)
You expend magic power (3 MP) to strengthen your wands.


Message History

The wolf spider bites you but does no damage.
The culicivora bites you.
The culicivora draws strength from your injuries!
The tarantella touches you but does no damage.
The redback bites you but does no damage.
The tarantella touches you! The emperor scorpion misses you.
The emperor scorpion closely misses you.
The emperor scorpion barely misses you.
The redback is healed somewhat.
The tarantella touches you!
The wolf spider hits you but does no damage.
The wolf spider closely misses you. The redback bites you!
The radroach completely misses you. The radroach closely misses you.
You are too confused!
You feel better. You block the tarantella's attack. The wolf spider hits you!
* * * LOW HITPOINT WARNING * * *
The wolf spider bites you.
* * * LOW HITPOINT WARNING * * *
The redback is healed somewhat.
You block the tarantella's attack. The redback closely misses you.
You furiously retaliate!
You headbutt the redback!
The emperor scorpion stings you but does no damage.
The emperor scorpion claws you but does no damage.
You block the emperor scorpion's attack.
You block the radroach's attack. The radroach claws you!
* * * LOW HITPOINT WARNING * * *
As you read the scroll of teleportation, it crumbles to dust.
You feel strangely unstable.
You kill the redback!
Makhleb accepts your kill.
You feel better.
The tarantella touches you but does no damage.
You block the wolf spider's attack. The wolf spider bites you!
* * * LOW HITPOINT WARNING * * *
The culicivora bites you!!
* * * LOW HITPOINT WARNING * * *
The culicivora draws strength from your injuries!
The tarantella touches you.
* * * LOW HITPOINT WARNING * * *
The emperor scorpion stings you!
You die...

### #.##### ##.##.#
#.....## #......###
#≈≈≈##...##
##†Bs####..# ######
##.s@s^####.####....#
##.#ss.#.###.#.##....#
#.###.###.##..).......
##.###^#####..........
##.###^###.##..........
#.#.#.#.#.#.#..........
##.#.#.#.#.###.........
##^#...#.###....##....
##.....#.##.....##...


You could see an emperor scorpion, a radroach, a wolf spider, a culicivora and 2
tarantellas.

Vanquished Creatures
  Jorgrun (D:13)
  Kirke (D:12)
  A dire elephant (Lair:2)
  A fire dragon (Lair:5)
  2 boulder beetles
  10 hydras
  Erolcha (Orc:2)
  4 ogre magi (Orc:2)
  19 two-headed ogres
  2 catoblepae
  3 centaur warriors
  Sonja (Lair:5)
  Nergalle (Lair:1)
  4 skeletal warriors
  Pikel (D:4)
  3 lindwurms
  4 deep elf zephyrmancers (Orc:2)
  A necromancer (D:13)
  4 deep elf pyromancers (Orc:2)
  2 orc knights (D:11)
  A cyclops (D:12)
  2 manticores
  4 ugly things
  10 black mambas
  7 elephants
  5 molten gargoyles
  Maurice (D:13)
  A torpor snail (Lair:5)
  Maggie (Lair:1)
  A kobold demonologist (D:12)
  12 cane toads
  A gargoyle (D:13)
  An unseen horror (D:13)
  Psyche (D:11)
  4 efreet
  13 komodo dragons
  6 rime drakes
  A guardian mummy (D:12)
  7 trolls
  A troll (shapeshifter) (D:11)
  3 meliai (D:13)
  2 polar bears (Lair:5)
  A hornet (D:9)
  Grinder (D:3)
  Prince Ribbit (D:8)
  A tarantella (Lair:3)
  16 blink frogs
  2 dream sheep (Lair:5)
  Sigmund (D:5)
  A culicivora (Lair:3)
  4 jumping spiders (Lair:3)
  3 shadows
  4 wyverns
  A vampire (D:10)
  2 wraiths
  40 yaks
  3 fire bats (Orc:1)
  2 fire elementals (Volcano)
  2 hogs (D:12)
  8 basilisks
  5 redbacks (Lair:3)
  11 vampire mosquitoes
  11 steam dragons
  Edmund (D:4)
  4 wargs
  3 acid dragons
  9 water moccasins
  Duvessa (D:5)
  4 hell hounds (Lair:5)
  4 black bears
  An ice beast (D:6)
  16 orc warriors
  21 ogres
  25 wolves
  6 centaurs
  3 phantoms
  7 kobold brigands
  Blork the orc (D:4)
  10 bullfrogs
  A necrophage (D:6)
  3 earth elementals (Volcano)
  2 gnoll sergeants
  5 scorpions
  21 wights
  Dowan (D:4)
  10 killer bees
  2 electric eels
  7 howler monkeys
  5 lava snakes (Lair:5)
  14 orc priests
  A jelly (D:5)
  Crazy Yiuf (D:3)
  3 hounds
  A gnoll bouda (D:7)
  3 iguanas
  12 orc wizards
  A statue (D:6)
  4 adders
  18 gnolls
  2 ufetubi
  4 worms
  2 dart slugs
  56 orcs
  9 ball pythons
  2 bats (D:3)
  8 endoplasms
  2 giant cockroaches
  7 hobgoblins
  2 jackals (D:2)
  5 quokkas
  2 frilled lizards
  7 goblins
  17 kobolds
  4 rats
  3 fire vortices (Volcano)
634 creatures vanquished.

Vanquished Creatures (collateral kills)
  2 two-headed ogres (D:9)
  A kobold (D:9)
3 creatures vanquished.

Vanquished Creatures (others)
  2 humans (D:12)
  An acid dragon (Lair:2)
  7 fungi
  8 plants
  5 toadstools (Lair:2)
23 creatures vanquished.

Grand Total: 660 creatures vanquished

Notes
Turn   | Place    | Note
-------+----------+-------------------------------------------
     0 | D:1      | greenreed the Minotaur Monk began the quest for the Orb.
     0 | D:1      | Reached XP level 1. HP: 19/19 MP: 0/0
   475 | D:1      | Reached XP level 2. HP: 27/27 MP: 1/1
  1012 | D:2      | Reached XP level 3. HP: 30/34 MP: 2/2
  1147 | D:2      | Identified the +4 ring mail of Watchfulness {rPois}
  1358 | D:3      | Found a faded altar of an unknown god.
  1386 | D:3      | Noticed Grinder
  1394 | D:3      | Paralysed by Grinder for 2 turns
  1406 | D:3      | Killed Grinder
  1407 | D:3      | Reached skill level 5 in Fighting
  1407 | D:3      | Reached skill level 5 in Maces & Flails
  1407 | D:3      | Reached XP level 4. HP: 27/42 MP: 3/3
  1407 | D:3      | Reached XP level 5. HP: 31/48 MP: 4/4
  1454 | D:3      | Found a runed translucent door.
  1455 | D:3      | Noticed Crazy Yiuf
  1597 | D:3      | Reached XP level 6. HP: 52/56 MP: 5/5
  2009 | D:3      | Killed Crazy Yiuf
  2132 | D:4      | Noticed Edmund
  2135 | D:4      | Found a broken altar of Ashenzari.
  2144 | D:4      | Killed Edmund
  2172 | D:4      | Noticed Pikel
  2199 | D:4      | Killed Pikel
  2200 | D:4      | Reached skill level 1 in Staves
  2200 | D:4      | Reached skill level 5 in Dodging
  2200 | D:4      | Reached XP level 7. HP: 59/64 MP: 6/6
  2244 | D:4      | Noticed Blork the orc
  2252 | D:4      | Killed Blork the orc
  2258 | D:4      | Reached XP level 8. HP: 70/71 MP: 7/7
  2273 | D:4      | Reached skill level 5 in Armour
  2276 | D:4      | Found a staircase to the Ecumenical Temple.
  2296 | Temple   | Entered the Ecumenical Temple
  2394 | Temple   | Became a worshipper of Makhleb the Destroyer
  2394 | Temple   | Reached * piety under Makhleb
  2394 | Temple   | Reached ** piety under Makhleb
  3230 | D:5      | Entered Level 5 of the Dungeon
  3230 | D:5      | Noticed Sigmund
  3233 | D:5      | Killed Sigmund
  3234 | D:5      | Reached skill level 1 in Invocations
  3236 | D:5      | Noticed Dowan
  3236 | D:5      | Noticed Duvessa
  3245 | D:5      | Killed Duvessa
  3251 | D:5      | Found Inuesimm's Magic Scroll Boutique.
  3259 | D:4      | Killed Dowan
  3285 | D:5      | Bought a scroll of identify for 28 gold pieces
  3285 | D:5      | Bought a scroll of identify for 28 gold pieces
  3285 | D:5      | Bought a scroll of noise for 14 gold pieces
  3522 | D:5      | Found an opulent altar of Gozag.
  3556 | D:5      | Reached XP level 9. HP: 79/79 MP: 9/9
  4141 | D:6      | Found a radiant altar of Vehumet.
  4332 | D:7      | Reached *** piety under Makhleb
  4663 | D:7      | Reached skill level 10 in Maces & Flails
  5064 | D:8      | Reached skill level 5 in Invocations
  5091 | D:8      | Noticed a two-headed ogre
  5105 | D:8      | Killed a two-headed ogre
  5106 | D:8      | Reached skill level 1 in Shields
  5106 | D:8      | Reached XP level 10. HP: 87/88 MP: 11/13
  5216 | D:8      | Found a stormy altar of Qazlal.
  5303 | D:8      | Noticed Prince Ribbit
  5321 | D:8      | Killed Prince Ribbit
  5473 | D:8      | Found an ancient bone altar of Kikubaaqudgha.
  5757 | D:9      | Noticed a two-headed ogre
  5775 | D:8      | Reached **** piety under Makhleb
  5820 | D:9      | Noticed a purple ugly thing
  5832 | D:8      | Killed a purple ugly thing
  6080 | D:9      | Noticed a two-headed ogre
  6088 | D:9      | Killed a two-headed ogre
  6105 | D:9      | Killed a two-headed ogre
  6157 | D:9      | Reached XP level 11. HP: 95/95 MP: 15/15
  6633 | D:9      | Noticed a centaur warrior
  6645 | D:9      | Killed a centaur warrior
  6821 | D:9      | Found a snail-covered altar of Cheibriados.
  6874 | D:10     | Entered Level 10 of the Dungeon
  7186 | D:10     | Noticed a two-headed ogre
  7213 | D:10     | Killed a two-headed ogre
  7617 | D:10     | Noticed a two-headed ogre
  7643 | D:10     | Killed a two-headed ogre
  7772 | D:11     | Noticed a six-headed hydra
  7779 | D:11     | Killed a six-headed hydra
  8045 | D:11     | Reached XP level 12. HP: 106/106 MP: 17/17
  8103 | D:11     | Noticed a two-headed ogre
  8113 | D:11     | Killed a two-headed ogre
  8197 | D:11     | Found a staircase to the Orcish Mines.
  8250 | D:11     | Reached skill level 10 in Fighting
  8402 | D:11     | Noticed Psyche
  8410 | D:11     | Killed Psyche
  8459 | D:11     | Found a staircase to the Lair.
  8867 | D:12     | Noticed Kirke
  8882 | D:12     | Killed Kirke
  8953 | D:12     | Found a portal to a secret trove of treasure.
  9037 | D:12     | Noticed a four-headed hydra
  9063 | D:12     | Killed a four-headed hydra
  9064 | D:12     | Reached skill level 10 in Invocations
  9425 | D:12     | Reached ***** piety under Makhleb
  9985 | D:12     | Found a shimmering altar of Xom.
 10042 | D:12     | Reached skill level 15 in Maces & Flails
 10112 | D:13     | Noticed Jorgrun
 10129 | D:13     | Killed Jorgrun
 10211 | D:13     | HP: 5/110 [meliai/+0 war axe (10)]
 10219 | D:13     | Reached XP level 13. HP: 26/116 MP: 19/19
 10397 | D:13     | Reached skill level 5 in Shields
 10477 | D:13     | Noticed Maurice
 10494 | D:13     | Killed Maurice
 10602 | D:13     | Found a gate to the Vaults.
 11332 | Lair:1   | Entered Level 1 of the Lair of Beasts
 11345 | Lair:1   | Reached skill level 1 in Evocations
 11382 | Lair:1   | Noticed Nergalle
 11387 | Lair:1   | Killed Nergalle
 11742 | Lair:1   | Noticed Maggie
 11760 | Lair:1   | Killed Maggie
 12739 | Lair:2   | Reached skill level 10 in Dodging
 12941 | Lair:2   | Noticed a dire elephant
 12964 | Lair:2   | Found a runed translucent door.
 13036 | Lair:2   | Killed a dire elephant
 13053 | Lair:2   | Reached XP level 14. HP: 122/127 MP: 21/21
 13911 | Lair:3   | Found a hole to the Spider Nest.
 14144 | Lair:3   | Identified the +3 hand axe "With Two Names" {freeze, rF+}
 14246 | Lair:3   | Found a staircase to the Swamp.
 14717 | Lair:4   | Reached ****** piety under Makhleb
 14810 | Lair:4   | Reached skill level 10 in Armour
 15222 | Lair:5   | Entered Level 5 of the Lair of Beasts
 15405 | Lair:5   | Noticed Sonja
 15432 | Lair:5   | Killed Sonja
 15679 | Lair:5   | Found a staircase to the Slime Pits.
 15860 | Lair:5   | Reached skill level 5 in Evocations
 16035 | Lair:5   | Found a large runed translucent door.
 16036 | Lair:5   | Found a large runed translucent door.
 16982 | Orc:1    | Entered Level 1 of the Orcish Mines
 17139 | Orc:1    | Reached XP level 15. HP: 105/139 MP: 23/23
 17407 | Orc:1    | Found a dark tunnel.
 17421 | Volcano  | Entered a volcano
 18199 | Orc:2    | Entered Level 2 of the Orcish Mines
 18290 | Orc:2    | Found a staircase to the Elven Halls.
 18415 | Orc:2    | Found Vuecex's Assorted Antiques.
 18415 | Orc:2    | Found Ecueppepp's Jewellery Boutique.
 18416 | Orc:2    | Found Lesia's Magic Scroll Boutique.
 18416 | Orc:2    | Found Aruozxink's Antique Weapon Emporium.
 18575 | Orc:2    | Noticed Erolcha
 18583 | Orc:2    | Killed Erolcha
 18641 | Orc:2    | Gained mutation: Your muscles are strong. (Str +4, Int/Dex
                  | -1) [potion of mutation]
 18641 | Orc:2    | Gained mutation: You expend magic power (3 MP) to
                  | strengthen your wands. [potion of mutation]
 18972 | Orc:2    | Reached skill level 15 in Fighting
 19116 | Orc:2    | Bought a pink potion for 18 gold pieces
 19116 | Orc:2    | Bought a scroll of identify for 40 gold pieces
 19124 | Orc:2    | Bought 2 scrolls of poison for 96 gold pieces
 19124 | Orc:2    | Bought a scroll of identify for 24 gold pieces
 19124 | Orc:2    | Bought a scroll of identify for 24 gold pieces
 19124 | Orc:2    | Bought a scroll of blinking for 90 gold pieces
 19124 | Orc:2    | Bought a scroll of poison for 48 gold pieces
 19124 | Orc:2    | Bought a scroll of identify for 24 gold pieces
 19124 | Orc:2    | Bought a scroll of brand weapon for 114 gold pieces
 19124 | Orc:2    | Bought a scroll of enchant armour for 90 gold pieces
 19603 | Spider:1 | Entered Level 1 of the Spider Nest
 19603 | Spider:1 | Noticed Aizul
 19603 | Spider:1 | Noticed an emperor scorpion
 19621 | Lair:3   | Slain by an emperor scorpion

Illustrated notes

Levels and vault maps discovered:
D:1:      pf_arrival_petrified_forest, layout_basic
D:2:      layout_rooms
D:3:      layout_loops_cross, nicolae_ecumenical_pavilion, uniq_grinder,
          uniq_crazy_yiuf_cottage
D:4:      layout_cave_pods, cheibrodos_ashenzari_chains, temple_fountains,
          roderic_serpentine_path, item_on_display_a, uniq_pikel,
          uniq_blork_the_orc, uniq_edmund
D:5:      layout_cave_pools, nicolae_gozag_cash_rules_everything_around_me,
          serial_shops, nicolae_stop_n_shop_2, uniq_sigmund, uniq_duvessa
D:6:      layout_gridville, vehumet_statue, minmay_hedge_maze, st_stairs_3
D:7:      layout_loops_ring, kennysheep_generic_room_12
D:8:      layout_cave_pools, nicolae_qazlal_style_of_elements,
          lemuel_tele_altar, uniq_prince_ribbit1
D:9:      layout_long_grid, slow_altar_2, small_chamber_with_monster,
          st_stairs_4, minmay_misc_feat_hallway, hangedman_glass_teeth,
          minmay_fractal_squares_5
D:10:     layout_irregular_city, grunt_ministairs_3, minivault_25_ag
D:11:     minmay_general_purpose_star, layout_gridville, lair_entry_dummy,
          hangedman_decor_diamond_cutter, david_defended_altar_orc, uniq_psyche
D:12:     layout_gridville, nicolae_trove_entry_path_of_doom, tgw_xom,
          uniq_kirke
D:13:     layout_roguey, david_vaults_1, nicolae_two_hexagons, uniq_maurice,
          uniq_jorgrun
Temple:   minmay_temple_bridge_d
Lair:1:   beast_lair_carwin_large_3, layout_layer_cave, uniq_nergalle,
          uniq_maggie
Lair:2:   gammafunk_lair_enchanted_lake, layout_chaotic_city,
          nicolae_quartered_pool_little, bobbens_dragon_lair_wall
Lair:3:   layout_misc_corridors, minmay_swamp_entry_reptiles,
          nicolae_spider_entry_tight_spaces, infiniplex_staircase_pool
Lair:4:   layout_roguey
Lair:5:   cheibrodos_lair_end_hotspot, layout_cave_pods, slime_entry_1,
          nicolae_lair_lil_pond, uniq_sonja
Spider:1: spider_temple_joshua, uniq_aizul
Orc:1:    layout_caves, nicolae_volcano_entry_batcave
Orc:2:    st_orc_ogre_mass, layout_caves, elves_outpost_lemuel, uniq_erolcha

Skill      XL: |  1  2  3  4  5  6  7  8  9 10 11 12 13 14 15 |
---------------+----------------------------------------------+-----
Fighting       | 4 5 6 7 8 9 11 12 14 15 | 15.1
Maces & Flails | 4 5 7 8 10 11 13 15 | 15.7
Armour         | 2 4 5 7 8 9 10 | 10.9
Dodging        | 4 5 6 7 8 10 11 | 11.5
Stealth        | 2 3 4 |  4.5
Staves         | 1 2 |  2.5
Invocations    | 2 6 7 9 10 11 12 14 | 14.1
Shields        | 1 2 3 4 6 7 8 |  8.3
Evocations     | 3 5 6 |  6.1

Action                   |  1- 3 |  4- 6 |  7- 9 | 10-12 | 13-15 || total
-------------------------+-------+-------+-------+-------+-------++-------
Melee: Mace              |   106 |    49 |       |       |       ||   155
       Headbutt          |     8 |    10 |    58 |   137 |   347 ||   560
       Punch             |     1 |       |     2 |       |       ||     3
       Flail             |       |    19 |   216 |       |       ||   235
       Quarterstaff      |       |     8 |       |       |       ||     8
       Morningstar       |       |       |    27 |   579 |   136 ||   742
       Demon whip        |       |       |       |       |  1166 ||  1166
Invok: Minor Destruction |       |       |    32 |    48 |    55 ||   135
       Lesser Servant of |       |       |     1 |     6 |       ||     7
       Major Destruction |       |       |       |     3 |     5 ||     8
Evoke: Lightning rod     |       |       |       |       |     2 ||     2
  Use: Scroll            |       |       |    16 |     2 |    16 ||    34
       Potion            |       |       |       |     3 |     3 ||     6
 Stab: Sleeping          |     1 |       |     1 |     1 |     5 ||     8
       Distracted        |       |       |       |     2 |       ||     2
       Petrified         |       |       |       |       |     3 ||     3
Armor: Robe              |     3 |       |       |       |       ||     3
       Scale mail        |    28 |       |       |       |       ||    28
       Ring mail         |    10 |    31 |   102 |   192 |   277 ||   612
       Skin              |       |       |       |     2 |       ||     2
       Chain mail        |       |       |       |       |     1 ||     1
Dodge: Dodged            |    63 |    46 |   142 |   348 |   668 ||  1267
Block: Buckler           |       |       |     3 |   133 |   268 ||   404
       Tower shield      |       |       |       |       |    22 ||    22

Table legend: (Time is in decaauts)
 A = Elapsed time spent in this place.
 B = Non-inter-level travel time spent in this place.
 C = Inter-level travel time spent in this place.
 D = Time resting spent in this place.
 E = Time spent auto-exploring this place.
 F = Levels seen in this place.
 G = Mean time per level.
                   A        B        C        D        E       F      G
               +--------+--------+--------+--------+--------+-----+--------+
         Total |  19081 |  17679 |   1402 |    734 |  12456 |  23 |  829.6 |
       Dungeon |  11428 |  10704 |    724 |    471 |   7646 |  13 |  879.1 |
        Temple |    171 |     85 |     86 |      0 |     74 |   1 |  171.0 |
          Lair |   5413 |   4913 |    500 |    105 |   3710 |   5 | 1082.6 |
   Spider Nest |      5 |      5 |      0 |      0 |      0 |   1 |    5.0 |
  Orcish Mines |   1705 |   1613 |     92 |     61 |   1023 |   2 |  852.5 |
       Volcano |    356 |    356 |      0 |     96 |      2 |   1 |  356.0 |
               +--------+--------+--------+--------+--------+-----+--------+

Top non-repeatable levels by time:
    D:11: 1557 daAuts
  Lair:1: 1344 daAuts
  Lair:5: 1339 daAuts
    D:13: 1183 daAuts
    D:12: 1106 daAuts
   Orc:2: 1081 daAuts
     D:9: 1057 daAuts
  Lair:2: 1042 daAuts
     D:4: 1009 daAuts
  Lair:3: 906 daAuts
     D:1: 898 daAuts
    D:10: 853 daAuts
  Lair:4: 779 daAuts
     D:8: 761 daAuts
     D:7: 758 daAuts
